[Event "Titled Tuesday Blitz May 4 2021"]
[White "Kavinda, Akila"]
[Black "Dong, Bao Nghia"]
[WhiteFideId "9901302"]
[BlackFideId "12400343"]
[WhiteElo "2043"]
[BlackElo "2409"]
[Result "1-0"]
[Round "03"]
[TimeControl "180+1"]
[Date "2021.05.04"]
[WhiteClock "0:00:46"]
[BlackClock "0:02:01"]

1. e4 e6 2. d4 d5 3. Nc3 dxe4 4. Nxe4 Bd7 5. Bd3 Bc6 6. Nf3 Nd7 7. O-O Be7 8. c4 Ngf6 9. Nc3 O-O 10. d5 exd5 11. cxd5 Nxd5 12. Nxd5 Bxd5 13. Bxh7+ Kxh7 14. Qxd5 c6 15. Qf5+ g6 16. Qh3+ Kg7 17. Bh6+ Kg8 18. Rfd1 f5 19. Bxf8 Bxf8 20. Ne5 Nxe5 21. Rxd8 Rxd8 22. Qb3+ Kh8 23. Rd1 Re8 24. h3 b5 25. a4 a6 26. axb5 axb5 27. Qc3 Bg7 28. Qc5 Kh7 29. Kh1 Re6 30. b4 Nc4 31. g3 Kh6 32. Qa7 Ne5 33. h4 Bf8 34. Qe3+ 1-0


[Site "https://www.chess.com"]

[Event "Titled Tuesday Blitz May 4 2021"]
[White "Kett, Tim"]
[Black "Escalante Ramirez, Brian Sebasti"]
[WhiteFideId "1801210"]
[BlackFideId "3819566"]
[WhiteElo "2098"]
[BlackElo "2193"]
[Result "0-1"]
[Round "03"]
[TimeControl "180+1"]
[Date "2021.05.04"]
[WhiteClock "0:00:01"]
[BlackClock "0:00:15"]

1. e4 e6 2. d4 d5 3. Nc3 Nf6 4. Bg5 dxe4 5. Nxe4 Be7 6. Bxf6 gxf6 7. Nf3 f5 8. Ng3 c5 9. d5 Qxd5 10. Qxd5 exd5 11. O-O-O Be6 12. Bb5+ Nc6 13. Ne5 Rc8 14. Nxc6 bxc6 15. Bd3 Bg5+ 16. Kb1 f4 17. h4 fxg3 18. hxg5 gxf2 19. Rdf1 Rg8 20. Rxf2 Rxg5 21. Rxh7 c4 22. Be2 Ke7 23. Bh5 Rf8 24. a4 a5 25. Ka2 d4 26. g4 c3+ 27. Kb1 Rb8 28. b3 Rf8 29. Rf4 c5 30. Kc1 Kd6 31. Bxf7 Rxg4 32. Rxg4 Bxg4 33. Bc4 Rf2 34. Kb1 Bf5 35. Rh6+ Kc7 36. Bd3 Bxd3 37. cxd3 Rb2+ 38. Kc1 Rxb3 39. Ra6 c4 40. dxc4 d3 41. Rxa5 d2+ 0-1


[Site "https://www.chess.com"]

[Event "Titled Tuesday Blitz May 4 2021"]
[White "Khnykin, Nikolay"]
[Black "Novikova, Galina"]
[WhiteFideId "4188853"]
[BlackFideId "4157095"]
[WhiteElo "2280"]
[BlackElo "1966"]
[Result "0-1"]
[Round "03"]
[TimeControl "180+1"]
[Date "2021.05.04"]
[WhiteClock "0:02:18"]
[BlackClock "0:02:16"]

1. e4 e6 2. d4 d5 3. exd5 exd5 4. Nf3 Nf6 5. Bd3 Bg4 6. O-O Be7 7. Bf4 O-O 8. Nc3 c6 9. h3 Bh5 10. g4 Bg6 11. Ne5 Bxd3 12. Qxd3 Nbd7 13. Bg3 Nxe5 14. Bxe5 Nd7 15. f4 f6 16. Rae1 fxe5 17. dxe5 Nc5 18. Qg3 Bh4 19. Qh2 Bxe1 20. Rxe1 Qh4 21. Rf1 Ne4 22. Ne2 Qe7 23. f5 Qc5+ 24. Kh1 Qe3 25. e6 Qxe2 26. Qxe2 Ng3+ 27. Kg2 Nxe2 28. Re1 Nd4 29. e7 Rfe8 30. g5 Nxf5 31. g6 hxg6 32. h4 Rxe7 33. Rxe7 Nxe7 34. h5 gxh5 35. c4 dxc4 36. b4 c3 37. a4 c2 38. b5 c1=Q 39. b6 Rd8 40. bxa7 Qc2+ 41. Kf3 Rd3+ 42. Kf4 Qc4+ 43. Kg5 Rd5# 0-1


[Site "https://www.chess.com"]

[Event "Titled Tuesday Blitz May 4 2021"]
[White "Kis, Lorand Bela"]
[Black "Girish, A. Koushik"]
[WhiteFideId "2024098"]
[BlackFideId "5038448"]
[WhiteElo "2085"]
[BlackElo "2387"]
[Result "0-1"]
[Round "03"]
[TimeControl "180+1"]
[Date "2021.05.04"]
[WhiteClock "0:00:15"]
[BlackClock "0:00:42"]

1. d4 Nf6 2. c4 e6 3. Nc3 Bb4 4. e3 O-O 5. Nf3 d5 6. Bd3 b6 7. cxd5 exd5 8. O-O Bb7 9. a3 Bd6 10. b4 Nbd7 11. b5 Qe7 12. Qb3 a5 13. a4 Rad8 14. Ba3 g6 15. Rfc1 Kg7 16. h3 Rc8 17. Rc2 h6 18. Bxd6 cxd6 19. Rac1 Qe6 20. Ne2 Ne4 21. Rxc8 Rxc8 22. Rxc8 Bxc8 23. Nf4 Qe8 24. Qxd5 Ndf6 25. Qc4 Qd8 26. d5 Nc5 27. Bc2 Qe7 28. Nd4 Qe5 29. Nd3 Qxd5 30. Qxd5 Nxd5 31. Nxc5 dxc5 32. Nc6 Nb4 33. Be4 Nxc6 34. bxc6 Kf6 35. f4 Ke6 36. Kf2 Kd6 37. Ke2 Be6 38. Kd3 Bb3 39. Kc3 Bxa4 40. f5 Bxc6 41. Bxc6 Kxc6 42. fxg6 fxg6 0-1


[Site "https://www.chess.com"]

[Event "Titled Tuesday Blitz May 4 2021"]
[White "Kiseljova, Marya"]
[Black "Shlyakhetsky, Vladimir"]
[WhiteFideId "4155009"]
[BlackFideId "2805928"]
[WhiteElo "1797"]
[BlackElo "2168"]
[Result "0-1"]
[Round "03"]
[TimeControl "180+1"]
[Date "2021.05.04"]
[WhiteClock "0:00:19"]
[BlackClock "0:00:54"]

1. d4 c5 2. d5 e5 3. Nc3 d6 4. e4 Nf6 5. h3 g6 6. Nf3 Bg7 7. Bb5+ Nbd7 8. a4 O-O 9. Bg5 h6 10. Be3 Ne8 11. Qc1 Kh7 12. g4 a6 13. Bxd7 Bxd7 14. g5 h5 15. a5 Nc7 16. Nd2 Nb5 17. Nxb5 axb5 18. b4 cxb4 19. Bb6 Qc8 20. h4 Qc3 21. Ke2 Rac8 22. Rb1 Qxc2 23. Qxc2 Rxc2 24. Rxb4 Rfc8 25. Rhb1 f6 26. Be3 Ra2 27. Bb6 Rcc2 28. Rd1 fxg5 29. hxg5 Bf8 30. Kd3 Be7 31. Be3 Rc8 32. Nb3 Bg4 33. Rh1 Be2# 0-1


[Site "https://www.chess.com"]

[Event "Titled Tuesday Blitz May 4 2021"]
[White "Kjartansson, David"]
[Black "Sadhwani, Raunak"]
[WhiteFideId "2301130"]
[BlackFideId "35093487"]
[WhiteElo "2292"]
[BlackElo "2514"]
[Result "0-1"]
[Round "03"]
[TimeControl "180+1"]
[Date "2021.05.04"]
[WhiteClock "0:00:01"]
[BlackClock "0:00:12"]

1. d4 d6 2. c4 g6 3. Nf3 Bg7 4. g3 Bd7 5. Bg2 Qc8 6. h4 Nf6 7. Nc3 O-O 8. O-O Bh3 9. b4 Bxg2 10. Kxg2 a5 11. b5 c6 12. Qd3 a4 13. Ba3 Nbd7 14. Rac1 Rd8 15. Rfd1 Qc7 16. Qe3 Nf8 17. Qd3 h6 18. e4 Ng4 19. Qe2 h5 20. Ng5 e5 21. d5 c5 22. f3 Nh6 23. Nh3 f6 24. Nf2 Nf7 25. Rb1 Qe7 26. Qc2 Nd7 27. Bc1 a3 28. Rb3 Bh6 29. Bxa3 Kh7 30. Bc1 Rg8 31. Bxh6 Nxh6 32. Kf1 g5 33. hxg5 Rxg5 34. Ke2 Rxg3 35. Rh1 Qf7 36. a4 Qg6 37. Rbb1 Rg2 38. Nd1 f5 39. Ne3 Rxf2+ 40. Kxf2 f4 41. Nf1 Rg8 42. Ke1 b6 43. Qh2 Nf6 44. a5 bxa5 45. b6 Nf7 46. b7 Ng5 47. Qf2 Ngxe4 48. fxe4 Qxe4+ 49. Kd2 Qxb1 50. Qe2 Qxb7 0-1


[Site "https://www.chess.com"]

[Event "Titled Tuesday Blitz May 4 2021"]
[White "Korchmar, Vasiliy"]
[Black "Gaboyan, Susanna"]
[WhiteFideId "24131750"]
[BlackFideId "13303627"]
[WhiteElo "2370"]
[BlackElo "2135"]
[Result "1-0"]
[Round "03"]
[TimeControl "180+1"]
[Date "2021.05.04"]
[WhiteClock "0:02:11"]
[BlackClock "0:01:26"]

1. d4 Nf6 2. Nf3 d5 3. Bf4 g6 4. e3 Bg7 5. Nbd2 O-O 6. Be2 c5 7. c3 Nc6 8. dxc5 Ne4 9. Nxe4 dxe4 10. Ng5 e5 11. Qxd8 Rxd8 12. Bg3 f5 13. Bc4+ Kf8 14. Nxh7+ Ke8 15. Bh4 Rd7 16. Nf6+ Bxf6 17. Bxf6 b6 18. cxb6 axb6 19. Bb5 Bb7 20. h4 Ra5 21. a4 Kf8 22. h5 Kf7 23. h6 Kxf6 24. h7 1-0


[Site "https://www.chess.com"]

[Event "Titled Tuesday Blitz May 4 2021"]
[White "Korkmaz, Necmettin"]
[Black "Quintiliano Pinto, Renato R."]
[WhiteFideId "6303285"]
[BlackFideId "2117568"]
[WhiteElo "2094"]
[BlackElo "2439"]
[Result "0-1"]
[Round "03"]
[TimeControl "180+1"]
[Date "2021.05.04"]
[WhiteClock "0:01:25"]
[BlackClock "0:01:13"]

1. e4 c5 2. Nc3 Nc6 3. f4 g6 4. Nf3 Bg7 5. Bb5 Nd4 6. O-O Nxb5 7. Nxb5 d5 8. exd5 a6 9. Nc3 Nf6 10. d4 Nxd5 11. dxc5 Nxc3 12. Qxd8+ Kxd8 13. bxc3 Bxc3 14. Rb1 Kc7 15. Rb3 Bf6 16. Bd2 a5 17. Rb5 Bd7 18. Rxa5 Bf5 19. Ne5 Be6 20. a4 Bxe5 21. fxe5 Rxa5 22. Bxa5+ Kc6 23. Rb1 Ra8 24. Rb5 Bc4 25. Rb4 Kxc5 26. Rxb7 Rxa5 27. Rxe7 Rxa4 28. h4 h5 29. Kf2 Be6 30. g3 Kd5 31. Rc7 Kxe5 0-1


[Site "https://www.chess.com"]

[Event "Titled Tuesday Blitz May 4 2021"]
[White "Kovacs, Klara"]
[Black "Kashtanov, Ruslan"]
[WhiteFideId "733210"]
[BlackFideId "4124871"]
[WhiteElo "2120"]
[BlackElo "2233"]
[Result "1-0"]
[Round "03"]
[TimeControl "180+1"]
[Date "2021.05.04"]
[WhiteClock "0:00:54"]
[BlackClock "0:00:17"]

1. Nf3 Nf6 2. g3 g6 3. Bg2 Bg7 4. O-O O-O 5. c4 d6 6. d3 e5 7. Nc3 Nc6 8. Rb1 a5 9. a3 h6 10. b4 axb4 11. axb4 Be6 12. Bd2 Qd7 13. b5 Ne7 14. Qc1 Kh7 15. Rd1 Bh3 16. Bh1 Ng4 17. Nh4 Rab8 18. e3 f5 19. Qc2 g5 20. Nf3 Kh8 21. d4 f4 22. dxe5 Nxe5 23. exf4 gxf4 24. Nxe5 Bxe5 25. Ne4 Nf5 26. Bc3 Qg7 27. Bxe5 dxe5 28. Qc3 Nd4 29. Re1 f3 30. Rb2 Ra8 31. Rd2 Ne2+ 32. Rdxe2 fxe2 33. Rxe2 Ra1+ 34. Qxa1 1-0


[Site "https://www.chess.com"]

[Event "Titled Tuesday Blitz May 4 2021"]
[White "Kovalev, Vladislav"]
[Black "Buksa, Nataliya"]
[WhiteFideId "13504398"]
[BlackFideId "14123622"]
[WhiteElo "2573"]
[BlackElo "2214"]
[Result "1-0"]
[Round "03"]
[TimeControl "180+1"]
[Date "2021.05.04"]
[WhiteClock "0:00:04"]
[BlackClock "0:00:03"]

1. e4 c5 2. Be2 e5 3. d3 Nc6 4. f4 d6 5. Nf3 Bg4 6. O-O Nf6 7. h3 Bxf3 8. Bxf3 Be7 9. g3 h5 10. Nc3 Qd7 11. Bg2 O-O-O 12. Nd5 h4 13. g4 exf4 14. Nxe7+ Qxe7 15. Bxf4 Nd7 16. c3 Kb8 17. d4 Ka8 18. Qd3 Nb6 19. a3 c4 20. Qd2 f6 21. Bh2 Rhe8 22. Rf5 Qe6 23. Qf2 Qc8 24. Qxh4 Ne7 25. Rff1 Ng6 26. Qf2 Rh8 27. Qf5 Nh4 28. Qxc8+ Nxc8 29. Bh1 Ne7 30. Bg3 Neg6 31. Rae1 Rde8 32. Bxd6 a6 33. a4 Nf8 34. Bg3 Ne6 35. e5 Ng5 36. Bg2 Ng6 37. exf6 Rxe1 38. Rxe1 gxf6 39. Rf1 Nxh3+ 40. Bxh3 Rxh3 41. Kg2 Rh6 42. a5 Ne7 43. Re1 Nc6 44. Re8+ Ka7 45. Bc7 b6 46. axb6+ Kb7 47. d5 Ne5 48. Rb8# 1-0


[Site "https://www.chess.com"]

[Event "Titled Tuesday Blitz May 4 2021"]
[White "Kraemer, Martin"]
[Black "Vypkhaniuk, Ihor"]
[WhiteFideId "4671910"]
[BlackFideId "14112256"]
[WhiteElo "2482"]
[BlackElo "2368"]
[Result "1-0"]
[Round "03"]
[TimeControl "180+1"]
[Date "2021.05.04"]
[WhiteClock "0:01:06"]
[BlackClock "0:00:03"]

1. d4 Nf6 2. c4 e6 3. Nc3 Bb4 4. e3 O-O 5. Bd3 c5 6. Nf3 b6 7. O-O Bb7 8. a3 Bxc3 9. bxc3 Be4 10. Be2 Qc8 11. Nd2 Bb7 12. f3 d5 13. Re1 Nc6 14. Bb2 Na5 15. cxd5 exd5 16. Bd3 Ba6 17. Bc2 cxd4 18. cxd4 Ne8 19. Rc1 Qd7 20. Bc3 Nd6 21. Bxa5 bxa5 22. Nb3 Nb7 23. Bb1 a4 24. Nc5 Nxc5 25. dxc5 Qc6 26. Ba2 Rfd8 27. Qd4 Rab8 28. Red1 Bb7 29. e4 Qh6 30. exd5 1-0


[Site "https://www.chess.com"]

[Event "Titled Tuesday Blitz May 4 2021"]
[White "Kriti Mayur Patel"]
[Black "Davtyan, David Arm."]
[WhiteFideId "35061780"]
[BlackFideId "13310046"]
[WhiteElo "1212"]
[BlackElo "2028"]
[Result "0-1"]
[Round "03"]
[TimeControl "180+1"]
[Date "2021.05.04"]
[WhiteClock "0:01:59"]
[BlackClock "0:01:32"]

1. e4 c5 2. d4 cxd4 3. c3 d3 4. Bxd3 g6 5. c4 Bg7 6. Nc3 d6 7. Nf3 Nc6 8. O-O Nf6 9. Qe2 O-O 10. Rd1 Bg4 11. h3 Nd4 12. Qe3 Nxf3+ 13. gxf3 Bxh3 14. Kh2 Be6 15. Rg1 Rc8 16. Nd5 Nh5 17. Qg5 Bxd5 18. cxd5 e5 19. Qg4 Nf4 20. Bxf4 exf4 21. Qxf4 Be5 22. Qg3 Bxg3+ 23. fxg3 Qf6 24. Rae1 Qxf3 25. Bb5 Rc2+ 26. Kh3 Qh5# 0-1


[Site "https://www.chess.com"]

[Event "Titled Tuesday Blitz May 4 2021"]
[White "Krysa, Leandro"]
[Black "Quparadze, Giga"]
[WhiteFideId "116807"]
[BlackFideId "13602250"]
[WhiteElo "2490"]
[BlackElo "2658"]
[Result "0-1"]
[Round "03"]
[TimeControl "180+1"]
[Date "2021.05.04"]
[WhiteClock "0:00:05"]
[BlackClock "0:01:21"]

1. e4 c5 2. Nf3 e6 3. c4 Nc6 4. d4 cxd4 5. Nxd4 Nf6 6. Nc3 Bb4 7. Nxc6 bxc6 8. Bd3 e5 9. O-O O-O 10. Qe2 d6 11. Na4 Ba5 12. a3 c5 13. Bd2 Rb8 14. Rab1 Bg4 15. f3 Bd7 16. Bxa5 Qxa5 17. Nc3 Be6 18. Rfd1 Rfd8 19. Rd2 a6 20. Rbd1 Ne8 21. Bb1 Rb3 22. Ba2 Rb7 23. h4 h6 24. Kh2 Rdb8 25. Qf2 Qc7 26. Kg1 Qe7 27. Kh2 Rb6 28. Na4 R6b7 29. Nc3 Rc7 30. Kg1 Rc6 31. Kh2 Nc7 32. Nd5 Bxd5 33. exd5 Rcb6 34. Bb1 Qf6 35. g3 g6 36. Kg2 Ne8 37. h5 gxh5 38. Rh1 Ng7 39. Qe2 Qg5 40. Kf2 Rb3 41. Ba2 Qxd2 42. Qxd2 Rxb2 43. Rd1 Nf5 44. g4 hxg4 45. fxg4 Nd4 46. Ke3 Rxd2 47. Rxd2 Kg7 48. Rh2 Kg6 49. Kd3 Nf3 50. Rf2 Ng5 51. Kc3 Ne4+ 0-1


[Site "https://www.chess.com"]

[Event "Titled Tuesday Blitz May 4 2021"]
[White "Kusa, Jakub"]
[Black "Ferro, Mario"]
[WhiteFideId "395595"]
[BlackFideId "810290"]
[WhiteElo "2053"]
[BlackElo "2271"]
[Result "0-1"]
[Round "03"]
[TimeControl "180+1"]
[Date "2021.05.04"]
[WhiteClock "0:00:53"]
[BlackClock "0:00:12"]

1. e4 c5 2. Nf3 d6 3. Bb5+ Bd7 4. Bxd7+ Qxd7 5. c4 g6 6. O-O Bg7 7. Nc3 Nf6 8. d4 cxd4 9. Nxd4 O-O 10. f3 Rc8 11. b3 d5 12. exd5 Nxd5 13. Nxd5 e6 14. Bh6 exd5 15. Bxg7 Kxg7 16. Nb5 dxc4 17. Qxd7 Nxd7 18. Nd6 Rc6 19. Nxc4 Re8 20. Rfe1 Rxe1+ 21. Rxe1 Kf6 22. Kf2 b5 23. Ne3 Nb6 24. Re2 h5 25. Rd2 a5 26. f4 a4 27. Kf3 axb3 28. axb3 Ke6 29. Ra2 Nd5 30. Nxd5 Kxd5 31. Rd2+ Kc5 32. Rd7 f5 33. h3 Kb4 34. g4 hxg4+ 35. hxg4 fxg4+ 36. Kxg4 Kxb3 37. Kg5 b4 38. Rg7 Kc3 39. Rxg6 Rxg6+ 40. Kxg6 b3 41. f5 b2 42. f6 b1=Q+ 43. Kg7 Qg1+ 44. Kf8 Qc5+ 45. Kg7 Qe5 46. Kg6 Qe6 47. Kg7 Qg4+ 48. Kf8 Qc8+ 49. Kg7 Qg4+ 50. Kf8 Kd4 51. f7 Ke5 52. Ke8 Qc8+ 53. Ke7 Qc7+ 54. Ke8 Ke6 0-1


[Site "https://www.chess.com"]

[Event "Titled Tuesday Blitz May 4 2021"]
[White "Kwon, Sehyun"]
[Black "Shirazi, Kamran"]
[WhiteFideId "13203088"]
[BlackFideId "2000733"]
[WhiteElo "1778"]
[BlackElo "2317"]
[Result "0-1"]
[Round "03"]
[TimeControl "180+1"]
[Date "2021.05.04"]
[WhiteClock "0:00:02"]
[BlackClock "0:00:38"]

1. e4 d5 2. exd5 c6 3. c4 cxd5 4. cxd5 Nf6 5. Nc3 Nxd5 6. Nf3 Nc7 7. d4 g6 8. Bc4 Bg7 9. O-O O-O 10. h3 Nc6 11. Be3 e6 12. Rc1 a6 13. a3 b5 14. Ba2 Bb7 15. Ne4 Nd5 16. Nc5 Bc8 17. b4 h6 18. Qd2 Nxe3 19. fxe3 Ne7 20. e4 Ra7 21. Rcd1 a5 22. d5 exd5 23. exd5 axb4 24. axb4 Nf5 25. Rfe1 Nd6 26. Ne5 Ra3 27. Nc6 Qh4 28. Ne7+ Kh7 29. Nxc8 Rxc8 30. Re2 Bc3 31. Qc1 Bxb4 0-1


[Site "https://www.chess.com"]

[Event "Titled Tuesday Blitz May 4 2021"]
[White "Lamaze, Simon"]
[Black "Aditya Mittal"]
[WhiteFideId "36069264"]
[BlackFideId "35042025"]
[WhiteElo "1938"]
[BlackElo "2171"]
[Result "0-1"]
[Round "03"]
[TimeControl "180+1"]
[Date "2021.05.04"]
[WhiteClock "0:00:19"]
[BlackClock "0:00:09"]

1. d4 Nf6 2. c4 b6 3. Nc3 Bb7 4. d5 e6 5. g3 h5 6. Bg2 h4 7. Bg5 hxg3 8. hxg3 Rxh1 9. Bxh1 Be7 10. Bf3 Qc8 11. Qd2 d6 12. dxe6 fxe6 13. O-O-O Nbd7 14. Nh3 Ne5 15. Bxb7 Qxb7 16. Nf4 Kf7 17. b3 Ne4 18. Nxe4 Qxe4 19. f3 Qf5 20. Bxe7 Kxe7 21. g4 Qf6 22. Nh5 Qg6 23. Kb2 a5 24. a4 Rf8 25. Qd4 Qf7 26. Rd2 g6 27. Ng3 Qf4 28. Qxf4 Rxf4 29. Ne4 Nxg4 30. Nxd6 cxd6 31. fxg4 Rxg4 32. Kc3 e5 33. Rd3 Ke6 34. Rh3 g5 35. Rh6+ Kd7 36. Rh7+ Kc6 37. Rg7 Rg3+ 38. Kc2 Kc5 39. Rc7+ Kb4 40. Rc6 Rc3+ 41. Kd2 Rxb3 42. Rxb6+ Kxc4 43. Rxd6 g4 44. Rg6 g3 45. Rg4+ Kc5 46. e3 g2 47. Kc2 Ra3 48. Kb2 Rxe3 49. Rxg2 Kb4 50. Rg4+ e4 51. Rg5 Re2+ 52. Kc1 Kxa4 53. Re5 Kb3 54. Re8 a4 55. Rb8+ Kc3 56. Rc8+ Kd3 57. Rd8+ Ke3 58. Ra8 Ra2 59. Ra5 Ke2 60. Ra7 e3 61. Re7 Kf2 62. Kb1 Ra3 63. Rf7+ Ke1 64. Kb2 Rb3+ 65. Kc2 e2 66. Ra7 Kf2 67. Rxa4 Re3 68. Rf4+ Kg3 69. Rf8 e1=Q 70. Rg8+ Kf4 71. Rf8+ Kg5 72. Re8 Rxe8 0-1


[Site "https://www.chess.com"]

[Event "Titled Tuesday Blitz May 4 2021"]
[White "Langner, Ladislav"]
[Black "Lejean-Anusca, Madalina-Maria"]
[WhiteFideId "300403"]
[BlackFideId "1215396"]
[WhiteElo "2346"]
[BlackElo "2002"]
[Result "1-0"]
[Round "03"]
[TimeControl "180+1"]
[Date "2021.05.04"]
[WhiteClock "0:00:59"]
[BlackClock "0:00:38"]

1. e4 c5 2. d4 cxd4 3. c3 dxc3 4. Nxc3 Nc6 5. Nf3 e6 6. Bf4 d6 7. Qd2 Nf6 8. Rd1 e5 9. Bg5 Be7 10. Bxf6 gxf6 11. Qh6 Bf8 12. Qh5 Be6 13. Bb5 a6 14. Bxc6+ bxc6 15. O-O Be7 16. Nh4 Qd7 17. Nf5 Bxf5 18. exf5 d5 19. f4 e4 20. Nxe4 Qa7+ 21. Nf2 Bc5 22. Rde1+ Kd8 23. Qh4 Bd4 24. Kh1 Bxf2 25. Rxf2 Kd7 26. Qxf6 Qxf2 27. Re7+ Kc8 28. Qxh8# 1-0


[Site "https://www.chess.com"]

[Event "Titled Tuesday Blitz May 4 2021"]
[White "Lauridsen, Jesper Morch"]
[Black "Spata, German"]
[WhiteFideId "1401890"]
[BlackFideId "113026"]
[WhiteElo "2265"]
[BlackElo "2238"]
[Result "0-1"]
[Round "03"]
[TimeControl "180+1"]
[Date "2021.05.04"]
[WhiteClock "0:00:15"]
[BlackClock "0:00:19"]

1. e4 Nf6 2. e5 Nd5 3. Nc3 Nxc3 4. dxc3 d6 5. Nf3 Nc6 6. Bb5 Bd7 7. Qe2 e6 8. Bf4 a6 9. Ba4 b5 10. Bb3 d5 11. a4 Rb8 12. axb5 axb5 13. O-O Be7 14. Rfd1 O-O 15. Nd4 Nxd4 16. cxd4 c5 17. c3 c4 18. Bc2 b4 19. Qh5 g6 20. Qh6 bxc3 21. bxc3 Rb2 22. Rd2 Qb8 23. h4 Rxc2 24. Rxc2 Qb3 25. Rac1 Ra8 26. Bg5 Bf8 27. Qxf8+ Rxf8 28. h5 gxh5 29. Bf6 Ra8 30. Re2 h6 31. Re3 Kh7 32. Rce1 Rg8 33. Rh3 Be8 34. Ree3 Qd1+ 35. Kh2 Qd2 36. Ref3 Rg6 37. Rxh5 Kg8 38. Rhh3 Ba4 39. Rfg3 Bc2 40. f4 Rxg3 41. Rxg3+ Bg6 42. f5 exf5 43. e6 fxe6 44. Rxg6+ Kf7 45. Bg5 Qxg5 46. Rxg5 hxg5 0-1


[Site "https://www.chess.com"]

[Event "Titled Tuesday Blitz May 4 2021"]
[White "Lazavik, Denis"]
[Black "Schmakel, Sam"]
[WhiteFideId "13515110"]
[BlackFideId "2039311"]
[WhiteElo "2828"]
[BlackElo "2605"]
[Result "1-0"]
[Round "03"]
[TimeControl "180+1"]
[Date "2021.05.04"]
[WhiteClock "0:00:23"]
[BlackClock "0:00:17"]

1. d4 f5 2. Nc3 Nf6 3. Bg5 d5 4. e3 e6 5. Bd3 c5 6. dxc5 Nbd7 7. Nf3 Nxc5 8. O-O Bd7 9. Ne2 Rc8 10. Rc1 b5 11. Ned4 a6 12. Ne5 Bd6 13. Bxf6 Qxf6 14. Nxd7 Kxd7 15. Ra1 Ke7 16. c3 g6 17. Bc2 e5 18. Ne2 Rhd8 19. a4 Bb8 20. axb5 axb5 21. b4 Rc6 22. bxc5 1-0


[Site "https://www.chess.com"]

[Event "Titled Tuesday Blitz May 4 2021"]
[White "Lehtosaari, Mauri"]
[Black "Abdyzhapar, Asylbek"]
[WhiteFideId "501999"]
[BlackFideId "13800337"]
[WhiteElo "2403"]
[BlackElo "2383"]
[Result "0-1"]
[Round "03"]
[TimeControl "180+1"]
[Date "2021.05.04"]
[WhiteClock "0:01:41"]
[BlackClock "0:02:38"]

1. d4 d5 2. Nf3 Nf6 3. Bg5 Bg4 4. Ne5 Bf5 5. c4 c6 6. Qb3 Qb6 7. c5 Qxb3 8. axb3 Nbd7 9. Nxd7 Nxd7 10. b4 a6 11. Nd2 O-O-O 12. e3 f6 13. Bf4 e5 14. Bg3 h5 15. h4 g6 16. Nb3 Bh6 17. Na5 Rde8 18. dxe5 fxe5 19. Nxc6 bxc6 20. Rxa6 Kb7 21. b5 cxb5 22. Bxb5 Nxc5 23. O-O Nxa6 0-1


[Site "https://www.chess.com"]

[Event "Titled Tuesday Blitz May 4 2021"]
[White "Leitao, Rafael"]
[Black "Ivanov, Mike"]
[WhiteFideId "2101246"]
[BlackFideId "2613158"]
[WhiteElo "2609"]
[BlackElo "2197"]
[Result "1/2-1/2"]
[Round "03"]
[TimeControl "180+1"]
[Date "2021.05.04"]
[WhiteClock "0:00:14"]
[BlackClock "0:00:03"]

1. c4 e5 2. Nc3 Nc6 3. g3 Bc5 4. Bg2 a6 5. d3 d6 6. Nf3 Ba7 7. Rb1 Nf6 8. O-O h6 9. b4 O-O 10. a4 Ne7 11. b5 axb5 12. axb5 Be6 13. Qb3 Qd7 14. Ba3 Bh3 15. e3 Bxg2 16. Kxg2 Ng6 17. Nd2 h5 18. Nde4 Nxe4 19. Nxe4 h4 20. b6 h3+ 21. Kg1 Bxb6 22. Bxd6 Rfd8 23. Bc5 Bxc5 24. Nxc5 Qc6 25. Ne4 f5 26. c5+ Kh8 27. Qxb7 Qxb7 28. Rxb7 fxe4 29. dxe4 Rd7 30. c6 Rf7 31. Rb2 Ne7 32. Rc1 Rf6 33. f4 Nxc6 34. Rbc2 Nb4 35. Rxc7 Nd3 36. Rc8+ Rxc8 37. Rxc8+ Kh7 38. Kf1 Ra6 39. Ke2 Nb4 40. Rc4 Ra2+ 41. Kf3 Nd3 42. g4 Rxh2 43. Kg3 Rh1 44. Rc2 Ne1 45. Re2 Nd3 46. Rd2 Ne1 47. Re2 Nd3 48. Rd2 Ne1 49. Re2 1/2-1/2


[Site "https://www.chess.com"]

[Event "Titled Tuesday Blitz May 4 2021"]
[White "Lewtak, Damian"]
[Black "Schut, Han"]
[WhiteFideId "1141724"]
[BlackFideId "1005561"]
[WhiteElo "2291"]
[BlackElo "2057"]
[Result "1-0"]
[Round "03"]
[TimeControl "180+1"]
[Date "2021.05.04"]
[WhiteClock "0:00:21"]
[BlackClock "0:00:04"]

1. d4 Nf6 2. Bf4 d5 3. e3 e6 4. Nd2 Bd6 5. Bg3 b6 6. c3 Bb7 7. Bd3 O-O 8. Qe2 Ne4 9. Ngf3 Nd7 10. O-O Nxg3 11. hxg3 f5 12. Nh2 Nf6 13. f4 Qe8 14. Rfd1 Qg6 15. Qf3 Qh6 16. Qf2 Bc6 17. Ndf3 Ne4 18. Bxe4 fxe4 19. Ne5 Bxe5 20. Ng4 Qh5 21. Nxe5 Be8 22. g4 Qh6 23. g5 Qh5 24. Qg3 Bb5 25. Re1 Kh8 26. Qg4 Qxg4 27. Nxg4 Rac8 28. Ne5 g6 29. Kf2 Kg7 30. a4 Be8 31. a5 b5 32. b4 a6 33. g4 c6 34. Kg3 Rh8 35. Rf1 Rc7 36. f5 exf5 37. gxf5 gxf5 38. Rxf5 Bg6 39. Rf6 Rf8 40. Raf1 Rxf6 41. gxf6+ Kf8 42. Kf4 Rc8 43. Kg5 Rc7 44. Nxg6+ hxg6 45. Kxg6 Rf7 46. Rh1 Ke8 47. Rh8+ Rf8 48. Rxf8+ Kxf8 49. f7 Ke7 50. Kg7 c5 51. f8=Q+ 1-0


[Site "https://www.chess.com"]

[Event "Titled Tuesday Blitz May 4 2021"]
[White "Li, Hui"]
[Black "Korchagina, Alena"]
[WhiteFideId "15400310"]
[BlackFideId "24173452"]
[WhiteElo "1954"]
[BlackElo "1919"]
[Result "1-0"]
[Round "03"]
[TimeControl "180+1"]
[Date "2021.05.04"]
[WhiteClock "0:00:05"]
[BlackClock "0:00:01"]

1. e4 c5 2. Nf3 e6 3. d4 cxd4 4. Nxd4 a6 5. Bd3 Bc5 6. Nb3 Be7 7. Qg4 g6 8. Qe2 d6 9. a4 b6 10. Nc3 Bb7 11. O-O Nd7 12. Be3 Ngf6 13. f4 O-O 14. Kh1 Nc5 15. Nxc5 bxc5 16. Rad1 Qc7 17. Bg1 Nd7 18. Bc4 Nb6 19. f5 Nxc4 20. Qxc4 exf5 21. exf5 Bg5 22. Nd5 Bxd5 23. Qxd5 Qe7 24. fxg6 hxg6 25. Rde1 Qd8 26. Be3 Bxe3 27. Rxe3 Qd7 28. Ref3 Rae8 29. Qg5 Re5 30. Qg3 Qe6 31. h3 d5 32. Rf6 Qe7 33. R6f3 d4 34. h4 c4 35. Rf4 Re3 36. Qg5 Qxg5 37. hxg5 d3 38. cxd3 cxd3 39. Rd4 1-0


[Site "https://www.chess.com"]

[Event "Titled Tuesday Blitz May 4 2021"]
[White "Ljukin, Sergei"]
[Black "Bach, Matthias"]
[WhiteFideId "14102200"]
[BlackFideId "4603168"]
[WhiteElo "2287"]
[BlackElo "2213"]
[Result "1-0"]
[Round "03"]
[TimeControl "180+1"]
[Date "2021.05.04"]
[WhiteClock "0:01:02"]
[BlackClock "0:00:26"]

1. e4 c5 2. Nf3 Nf6 3. Nc3 d5 4. exd5 Nxd5 5. d4 Nxc3 6. bxc3 g6 7. Bc4 Bg7 8. O-O O-O 9. Bf4 Bg4 10. h3 Bxf3 11. Qxf3 Nc6 12. dxc5 Qa5 13. Be3 Qxc3 14. Bd5 Rac8 15. Rab1 e6 16. Bxc6 bxc6 17. Rb7 a5 18. Rd1 Qxc2 19. Rdd7 Qf5 20. Qxf5 gxf5 21. Ra7 Ra8 22. Rxf7 Rxa7 23. Rxa7 Bc3 24. g3 Rc8 25. Kf1 e5 26. Ke2 Rb8 27. Kd3 Ba1 28. Rxa5 e4+ 29. Kc4 Rb7 30. Ra6 Rb2 31. Rxc6 Rxa2 32. Rc7 Be5 33. Rb7 h5 34. Kd5 Bf6 35. Ke6 1-0


[Site "https://www.chess.com"]

[Event "Titled Tuesday Blitz May 4 2021"]
[White "Lomaia, Diana"]
[Black "Gabriel, Robert"]
[WhiteFideId "13612476"]
[BlackFideId "4606477"]
[WhiteElo "1742"]
[BlackElo "2203"]
[Result "1/2-1/2"]
[Round "03"]
[TimeControl "180+1"]
[Date "2021.05.04"]
[WhiteClock "0:01:25"]
[BlackClock "0:01:24"]

1. d4 e6 2. c4 d5 3. Nf3 Nf6 4. Nc3 Be7 5. cxd5 exd5 6. Bf4 c6 7. e3 O-O 8. Bd3 Bg4 9. O-O Nbd7 10. h3 Bh5 11. Be2 Ne4 12. Nxe4 dxe4 13. Ne5 Bxe2 14. Qxe2 Nxe5 15. Bxe5 Bd6 16. Rfd1 f5 17. Qc4+ Kh8 18. Bxd6 Qxd6 19. d5 c5 20. Rac1 b6 21. a3 a5 22. Qb5 Rfc8 23. Rc3 a4 1/2-1/2


[Site "https://www.chess.com"]